TOP OF THE 1ST |
Panama City Piranhas batting - Pitching for Echo Park Lakers : RHP Wop Baars
|
Pitching: RHP Wop Baars
|
|
Batting: RHB Arnie Taylor
|
0-0: Called Strike 0-1: Ball 1-1: Ball 2-1: Ground out 5-3 (Groundball, 5L, EV 97.5 MPH)
|
Batting: SHB Ben Boston
|
0-0: Called Strike 0-1: Foul Ball, location: 2F 0-2: Ball 1-2: SINGLE (Flyball, 7S, EV 84.4 MPH)
|
Batting: RHB António Mendoza
|
0-0: Ball 1-0: Ball 2-0: Ball 3-0: Called Strike 3-1: Base on Balls Ben Boston to second
|
Batting: RHB Chrysler Rodriguez
|
0-0: Swinging Strike 0-1: Ball 1-1: Called Strike 1-2: Ball 2-2: Ball 3-2: Strikes out swinging
|
Batting: RHB Craig Tricket
|
0-0: Called Strike 0-1: Ball 1-1: Ball 2-1: Foul Ball, location: 2F 2-2: Ball 3-2: Ground out 6-3 (Groundball, 6M, EV 85.0 MPH)
|
Top of the 1st over - 0 runs, 1 hit, 0 errors, 2 left on base; Panama City 0 - Echo Park 0 |
BOTTOM OF THE 1ST |
Echo Park Lakers batting - Pitching for Panama City Piranhas : RHP Jason MacGruder
|
Pitching: RHP Jason MacGruder
|
|
Batting: LHB Wu-shun Chu
|
0-0: Ground out U3 (Groundball, 3, EV 100.0 MPH)
|
Batting: RHB Kyu-cheol Kye
|
0-0: Ball 1-0: Ball 2-0: Ball 3-0: Base on Balls
|
Batting: LHB Tomás Muinos
|
0-0: Ball 1-0: Foul Ball, location: 2F 1-1: Foul Ball, location: 2F 1-2: DOUBLE (Line Drive, 89D, EV 105.0 MPH) Kyu-cheol Kye to third Runner from 3rd tries for Home, SAFE, throw by CF to trailing runner, SAFE at third!
|
Batting: RHB Komotay Koffie
|
0-0: Foul Ball, location: 2F 0-1: Ball 1-1: Foul Ball, location: 2F 1-2: Ground out 1-3 (Groundball, P, EV 86.2 MPH)
|
Batting: RHB Ryoma Yamamoto
|
0-0: Fly out, F1 (Line Drive, P, EV 69.4 MPH)
|
Bottom of the 1st over - 1 run, 1 hit, 0 errors, 1 left on base; Panama City 0 - Echo Park 1 |
TOP OF THE 2ND |
Panama City Piranhas batting - Pitching for Echo Park Lakers : RHP Wop Baars
|
Batting: RHB David Austin
|
0-0: Ball 1-0: Fly out, F9 (Flyball, 89S, EV 96.2 MPH)
|
Batting: LHB King Rutledge
|
0-0: Called Strike 0-1: Ball 1-1: Foul Ball, location: 2F 1-2: Fly out, F8 (Line Drive, 8LM, EV 94.4 MPH)
|
Batting: RHB Quindarious Monday
|
0-0: Ball 1-0: Called Strike 1-1: Foul Ball, location: 2F 1-2: Ball 2-2: Foul Ball, location: 2F 2-2: Foul Ball, location: 2F 2-2: Foul Ball, location: 2F 2-2: Strikes out looking
|
Top of the 2nd over - 0 runs, 0 hits, 0 errors, 0 left on base; Panama City 0 - Echo Park 1 |
BOTTOM OF THE 2ND |
Echo Park Lakers batting - Pitching for Panama City Piranhas : RHP Jason MacGruder
|
Batting: LHB Rich Watkins
|
0-0: Called Strike 0-1: Swinging Strike 0-2: Strikes out looking
|
Batting: RHB Phil Gillespie
|
0-0: Ground out 6-3 (Groundball, 6, EV 106.9 MPH)
|
Batting: RHB Tom Bancroft
|
0-0: Ball 1-0: Ball 2-0: Ball 3-0: Called Strike 3-1: Ground out 5-3 (Groundball, 56, EV 90.6 MPH)
|
Bottom of the 2nd over - 0 runs, 0 hits, 0 errors, 0 left on base; Panama City 0 - Echo Park 1 |
TOP OF THE 3RD |
Panama City Piranhas batting - Pitching for Echo Park Lakers : RHP Wop Baars
|
Batting: RHB Brant Thigpen
|
0-0: Foul Ball, location: 2F 0-1: Ground out 6-3 (Groundball, 6, EV 89.4 MPH)
|
Batting: RHB Arnie Taylor
|
0-0: Ball 1-0: Ball 2-0: Called Strike 2-1: Ball 3-1: Base on Balls
|
Batting: SHB Ben Boston
|
0-0: Ball 1-0: Ball 2-0: Ball 3-0: Called Strike 3-1: Foul Ball, location: 2F 3-2: Base on Balls Arnie Taylor to second
|
Batting: RHB António Mendoza
|
0-0: Called Strike 0-1: Fielders Choice at 2nd, 4-6 (Groundball, 34D, EV 80.6 MPH) Arnie Taylor to third
|
Batting: RHB Chrysler Rodriguez
|
0-0: SINGLE (Line Drive, 34D, EV 96.2 MPH) Arnie Taylor scores António Mendoza to second Runner from 2nd tries for 3rd, SAFE, throw by RF made to third
|
Batting: RHB Craig Tricket
|
0-0: Ball 1-0: Called Strike 1-1: Ball 2-1: Fielders Choice at 2nd, 6-4 (Groundball, 56, EV 101.2 MPH)
|
Top of the 3rd over - 1 run, 1 hit, 0 errors, 2 left on base; Panama City 1 - Echo Park 1 |
BOTTOM OF THE 3RD |
Echo Park Lakers batting - Pitching for Panama City Piranhas : RHP Jason MacGruder
|
Batting: LHB Abraham Koen
|
0-0: DOUBLE (Line Drive, 89D, EV 96.9 MPH)
|
Pinch Runner at 2nd Carlos Hernández:
|
|
Batting: LHB Wu-shun Chu
|
0-0: Ball 1-0: Fly out, F5 (Popup, 5SF, EV 82.5 MPH)
|
Batting: RHB Kyu-cheol Kye
|
0-0: Swinging Strike 0-1: Foul Ball, location: 2F 0-2: Fly out, F9 (Flyball, 9D, EV 90.6 MPH) Runner from 2nd tags up, SAFE at 3rd, no throw by RF
|
Batting: LHB Tomás Muinos
|
0-0: Ball 1-0: Ball 2-0: Ball 3-0: Base on Balls
|
Batting: RHB Komotay Koffie
|
0-0: Ball 1-0: Swinging Strike 1-1: Foul Ball, location: 2F 1-2: Ball 2-2: Foul Ball, location: 2F 2-2: Fly out, F8 (Flyball, 8RD, EV 100.0 MPH)
|
Bottom of the 3rd over - 0 runs, 1 hit, 0 errors, 2 left on base; Panama City 1 - Echo Park 1 |
TOP OF THE 4TH |
Panama City Piranhas batting - Pitching for Echo Park Lakers : RHP Wop Baars
|
Now at C: Mario Castillo
|
|
Batting: RHB David Austin
|
0-0: Ball 1-0: Called Strike 1-1: Ball 2-1: Called Strike 2-2: Ball 3-2: Base on Balls
|
Batting: LHB King Rutledge
|
0-0: Ball 1-0: Ball 2-0: Ball 3-0: Base on Balls David Austin to second
|
Batting: RHB Quindarious Monday
|
0-0: Ball 1-0: Ball 2-0: Ball 3-0: Base on Balls David Austin to third King Rutledge to second
|
Batting: RHB Brant Thigpen
|
0-0: Foul Ball, location: 2F 0-1: Foul Ball, location: 2F 0-2: Strikes out swinging
|
Batting: RHB Arnie Taylor
|
0-0: Called Strike 0-1: Swinging Strike 0-2: Grounds into double play, 4-6-3 (Groundball, 4, EV 88.8 MPH)
|
Top of the 4th over - 0 runs, 0 hits, 0 errors, 2 left on base; Panama City 1 - Echo Park 1 |
BOTTOM OF THE 4TH |
Echo Park Lakers batting - Pitching for Panama City Piranhas : RHP Jason MacGruder
|
Batting: RHB Ryoma Yamamoto
|
0-0: Ball 1-0: Ball 2-0: Ball 3-0: Called Strike 3-1: Base on Balls
|
Batting: LHB Rich Watkins
|
0-0: 2-RUN HOME RUN (Flyball, 9D, EV 106.9 MPH), Distance : 432 ft
|
Batting: RHB Phil Gillespie
|
0-0: Swinging Strike 0-1: Called Strike 0-2: Ball 1-2: Strikes out looking
|
Batting: RHB Tom Bancroft
|
0-0: Ball 1-0: Called Strike 1-1: Called Strike 1-2: Fly out, F6 (Line Drive, 6, EV 64.4 MPH)
|
Batting: RHB Mario Castillo
|
0-0: Called Strike 0-1: Called Strike 0-2: SINGLE (Groundball, 56D, EV 106.2 MPH)
|
Batting: LHB Wu-shun Chu
|
0-0: Foul Ball, location: 2F 0-1: Ball 1-1: Swinging Strike 1-2: Foul Ball, location: 2F 1-2: 2-RUN HOME RUN (Flyball, 9D, EV 113.1 MPH), Distance : 408 ft
|
Batting: RHB Kyu-cheol Kye
|
0-0: Ball 1-0: Ball 2-0: Ball 3-0: Base on Balls
|
Batting: LHB Tomás Muinos
|
0-0: Called Strike Kyu-cheol Kye steals 2nd base (no throw) 0-1: Ball 1-1: Intentional Walk
|
Batting: RHB Komotay Koffie
|
0-0: Ball 1-0: Fly out, F7 (Flyball, 7LS, EV 86.2 MPH)
|
Bottom of the 4th over - 4 runs, 3 hits, 0 errors, 2 left on base; Panama City 1 - Echo Park 5 |
TOP OF THE 5TH |
Panama City Piranhas batting - Pitching for Echo Park Lakers : RHP Wop Baars
|
Batting: SHB Ben Boston
|
0-0: Ball 1-0: Foul Ball, location: 2F 1-1: Ball 2-1: Called Strike 2-2: Foul Ball, location: 2F 2-2: Ball 3-2: Foul Ball, location: 2F 3-2: Fly out, F8 (Line Drive, 8LD, EV 97.5 MPH)
|
Batting: RHB António Mendoza
|
0-0: Ball 1-0: Called Strike 1-1: Swinging Strike 1-2: Foul Ball, location: 2F 1-2: Ball 2-2: Ball 3-2: Foul Ball, location: 2F 3-2: SINGLE (Line Drive, 3D, EV 101.2 MPH)
|
Batting: RHB Chrysler Rodriguez
|
0-0: Ball 1-0: Foul Ball, location: 2F 1-1: SINGLE (Groundball, 56, EV 91.2 MPH) (infield hit) António Mendoza to second
|
Batting: RHB Craig Tricket
|
0-0: Foul Ball, location: 2F 0-1: Called Strike 0-2: Foul Ball, location: 2F 0-2: Ball 1-2: Fly out, F8 (Flyball, 8RD, EV 105.0 MPH)
|
Batting: RHB David Austin
|
0-0: Called Strike 0-1: Fielders Choice at 2nd, 6-4 (Groundball, 6, EV 102.5 MPH)
|
Top of the 5th over - 0 runs, 2 hits, 0 errors, 2 left on base; Panama City 1 - Echo Park 5 |
BOTTOM OF THE 5TH |
Echo Park Lakers batting - Pitching for Panama City Piranhas : RHP Jason MacGruder
|
Batting: RHB Ryoma Yamamoto
|
0-0: Called Strike 0-1: Ground out 4-3 (Groundball, 4, EV 102.5 MPH)
|
Batting: LHB Rich Watkins
|
0-0: Called Strike 0-1: Swinging Strike 0-2: Foul Ball, location: 2F 0-2: Ball 1-2: Ball 2-2: Foul Ball, location: 2F 2-2: Ball 3-2: Base on Balls
|
Batting: RHB Phil Gillespie
|
0-0: Ball 1-0: Swinging Strike 1-1: Ball 2-1: Grounds into double play, 6-4-3 (Groundball, 6, EV 90.0 MPH)
|
Bottom of the 5th over - 0 runs, 0 hits, 0 errors, 0 left on base; Panama City 1 - Echo Park 5 |
TOP OF THE 6TH |
Panama City Piranhas batting - Pitching for Echo Park Lakers : RHP Wop Baars
|
Batting: LHB King Rutledge
|
0-0: Called Strike 0-1: Ball 1-1: Called Strike 1-2: Fly out, F9 (Flyball, 9, EV 88.8 MPH)
|
Batting: RHB Quindarious Monday
|
0-0: Swinging Strike 0-1: Ball 1-1: Fly out, F5 (Popup, 5SF, EV 84.4 MPH)
|
Batting: RHB Brant Thigpen
|
0-0: Ball 1-0: Swinging Strike 1-1: Ball 2-1: Foul Ball, location: 2F 2-2: SINGLE (Flyball, 9S, EV 98.8 MPH)
|
Pitching: RHP Mark Collingwood
|
|
Batting: RHB Arnie Taylor
|
0-0: Called Strike 0-1: Ball 1-1: Swinging Strike 1-2: Foul Ball, location: 2F 1-2: Ball 2-2: Ground out 4-3 (Groundball, 4, EV 93.1 MPH)
|
Top of the 6th over - 0 runs, 1 hit, 0 errors, 1 left on base; Panama City 1 - Echo Park 5 |
BOTTOM OF THE 6TH |
Echo Park Lakers batting - Pitching for Panama City Piranhas : RHP Jason MacGruder
|
Batting: RHB Tom Bancroft
|
0-0: Swinging Strike 0-1: Ball 1-1: Swinging Strike 1-2: Ground out 6-3 (Groundball, 56, EV 91.2 MPH)
|
Batting: RHB Mario Castillo
|
0-0: Ball 1-0: Ball 2-0: DOUBLE (Line Drive, 3D, EV 104.4 MPH)
|
Batting: LHB Wu-shun Chu
|
0-0: Foul Ball, location: 2F 0-1: Called Strike 0-2: Ground out 5-3 (Groundball, 56, EV 90.0 MPH)
|
Batting: RHB Kyu-cheol Kye
|
0-0: Called Strike 0-1: Swinging Strike 0-2: Strikes out swinging
|
Bottom of the 6th over - 0 runs, 1 hit, 0 errors, 1 left on base; Panama City 1 - Echo Park 5 |
TOP OF THE 7TH |
Panama City Piranhas batting - Pitching for Echo Park Lakers : RHP Mark Collingwood
|
Batting: SHB Ben Boston
|
0-0: Foul Ball, location: 2F 0-1: Ball 1-1: Ball 2-1: Ball 3-1: Base on Balls
|
Batting: RHB António Mendoza
|
0-0: Fielders Choice at 2nd, 4-6 (Groundball, 4M, EV 76.9 MPH)
|
Batting: RHB Chrysler Rodriguez
|
0-0: Ball 1-0: Called Strike 1-1: Foul Ball, location: 2F 1-2: Ball 2-2: Strikes out looking
|
Batting: RHB Craig Tricket
|
0-0: Called Strike 0-1: Foul Ball, location: 2F 0-2: Ball 1-2: Foul Ball, location: 2F 1-2: 2-RUN HOME RUN (Flyball, 9D, EV 96.9 MPH), Distance : 391 ft
|
Batting: RHB David Austin
|
0-0: Ball 1-0: Foul Ball, location: 2F 1-1: Foul Ball, location: 2F 1-2: Foul Ball, location: 2F 1-2: Ground out 1-3 (Groundball, 34S, EV 86.2 MPH)
|
Top of the 7th over - 2 runs, 1 hit, 0 errors, 0 left on base; Panama City 3 - Echo Park 5 |
BOTTOM OF THE 7TH |
Echo Park Lakers batting - Pitching for Panama City Piranhas : RHP Jason MacGruder
|
Pitching: RHP Tobías Pérez
|
|
Batting: LHB Tomás Muinos
|
0-0: Called Strike 0-1: Ball 1-1: Ball 2-1: Ground out 3-1 (Groundball, 34, EV 108.1 MPH)
|
Batting: RHB Komotay Koffie
|
0-0: Foul Ball, location: 2F 0-1: Called Strike 0-2: Strikes out swinging
|
Batting: RHB Ryoma Yamamoto
|
0-0: Ball 1-0: Ball 2-0: Ball 3-0: Called Strike 3-1: Fly out, F9 (Line Drive, 9, EV 93.1 MPH)
|
Bottom of the 7th over - 0 runs, 0 hits, 0 errors, 0 left on base; Panama City 3 - Echo Park 5 |
TOP OF THE 8TH |
Panama City Piranhas batting - Pitching for Echo Park Lakers : RHP Mark Collingwood
|
Batting: LHB King Rutledge
|
0-0: Ball 1-0: Fly out, F8 (Flyball, 8RD, EV 93.1 MPH)
|
Batting: RHB Quindarious Monday
|
0-0: Ball 1-0: Called Strike 1-1: SINGLE (Groundball, 4MD, EV 105.0 MPH)
|
Pitching: RHP Jeffery Prosser
|
|
Batting: RHB Brant Thigpen
|
0-0: Called Strike 0-1: Ball 1-1: Ball 2-1: Ball 3-1: Foul Ball, location: 2F 3-2: TRIPLE (Line Drive, 89XD, EV 106.9 MPH) Quindarious Monday scores
|
Batting: RHB Arnie Taylor
|
0-0: Foul Ball, location: 2F 0-1: Ball 1-1: Ground out 5-3 (Groundball, 56S, EV 90.6 MPH)
|
Pinch Hitting: SHB Tom Dickinson
|
0-0: Ball 1-0: Foul Ball, location: 2F 1-1: Called Strike 1-2: Ball 2-2: Foul Ball, location: 2F 2-2: Ball 3-2: DOUBLE (Line Drive, 89M, EV 107.5 MPH) Brant Thigpen scores
|
Batting: RHB António Mendoza
|
0-0: Ball 1-0: Swinging Strike 1-1: Ball 2-1: Foul Ball, location: 2F 2-2: Strikes out swinging, 2-3 out at first.
|
Top of the 8th over - 2 runs, 3 hits, 0 errors, 1 left on base; Panama City 5 - Echo Park 5 |
BOTTOM OF THE 8TH |
Echo Park Lakers batting - Pitching for Panama City Piranhas : RHP Tobías Pérez
|
Now at 3B: Silvio Bonauiti
|
|
Batting: LHB Rich Watkins
|
0-0: Ground out 6-3 (Groundball, 4MD, EV 104.4 MPH)
|
Batting: RHB Phil Gillespie
|
0-0: Ball 1-0: Swinging Strike 1-1: SINGLE (Flyball, 89S, EV 90.6 MPH)
|
Batting: RHB Tom Bancroft
|
0-0: Called Strike 0-1: Fielders Choice at 2nd, 4-6 (Groundball, 4, EV 77.5 MPH)
|
Batting: RHB Mario Castillo
|
0-0: Ball 1-0: Ball 2-0: Swinging Strike 2-1: Foul Ball, location: 2F 2-2: Strikes out swinging, 2-3 out at first.
|
Bottom of the 8th over - 0 runs, 1 hit, 0 errors, 1 left on base; Panama City 5 - Echo Park 5 |
TOP OF THE 9TH |
Panama City Piranhas batting - Pitching for Echo Park Lakers : RHP Jeffery Prosser
|
Pitching: RHP Corbin Holling
|
|
Batting: RHB Chrysler Rodriguez
|
0-0: Ground out U3 (Groundball, 34, EV 85.6 MPH)
|
Batting: RHB Craig Tricket
|
0-0: Ball 1-0: Ball 2-0: Called Strike 2-1: Fly out, F8 (Flyball, 8RD, EV 96.9 MPH)
|
Batting: RHB David Austin
|
0-0: Ball 1-0: Ball 2-0: Called Strike 2-1: Foul Ball, location: 2F 2-2: Strikes out swinging
|
Top of the 9th over - 0 runs, 0 hits, 0 errors, 0 left on base; Panama City 5 - Echo Park 5 |
BOTTOM OF THE 9TH |
Echo Park Lakers batting - Pitching for Panama City Piranhas : RHP Tobías Pérez
|
Pitching: LHP Joe Khokar
|
|
Pinch Hitting: RHB Angeddy Almanzar
|
0-0: Called Strike 0-1: Swinging Strike 0-2: SINGLE (Groundball, 56D, EV 95.0 MPH)
|
Batting: RHB Kyu-cheol Kye
|
0-0: Called Strike 0-1: Grounds into double play, 6-4-3 (Groundball, 56, EV 103.8 MPH)
|
Batting: LHB Tomás Muinos
|
0-0: Ball 1-0: Ball 2-0: Ball 3-0: Called Strike 3-1: Fly out, F2 (Popup, 25F, EV 89.4 MPH)
|
Bottom of the 9th over - 0 runs, 1 hit, 0 errors, 0 left on base; Panama City 5 - Echo Park 5 |
TOP OF THE 10TH |
Panama City Piranhas batting - Pitching for Echo Park Lakers : RHP Corbin Holling
|
Now in RF: Angeddy Almanzar
|
|
Batting: LHB King Rutledge
|
0-0: Swinging Strike 0-1: Called Strike 0-2: Strikes out swinging
|
Batting: RHB Quindarious Monday
|
0-0: Called Strike 0-1: Foul Ball, location: 2F 0-2: Strikes out looking
|
Batting: RHB Brant Thigpen
|
0-0: Called Strike 0-1: Ground out 1-3 (Groundball, 13S, EV 62.5 MPH)
|
Top of the 10th over - 0 runs, 0 hits, 0 errors, 0 left on base; Panama City 5 - Echo Park 5 |
BOTTOM OF THE 10TH |
Echo Park Lakers batting - Pitching for Panama City Piranhas : LHP Joe Khokar
|
Batting: RHB Komotay Koffie
|
0-0: Foul Ball, location: 2F 0-1: Swinging Strike 0-2: Strikes out swinging
|
Batting: RHB Ryoma Yamamoto
|
0-0: Called Strike 0-1: Fly out, F9 (Line Drive, 9D, EV 93.1 MPH)
|
Batting: LHB Rich Watkins
|
0-0: SINGLE (Groundball, 6D, EV 97.5 MPH)
|
Batting: RHB Phil Gillespie
|
0-0: Ball 1-0: Called Strike 1-1: Foul Ball, location: 2F 1-2: Foul Ball, location: 2F 1-2: Ball 2-2: Ball 3-2: Base on Balls Rich Watkins to second
|
Batting: RHB Tom Bancroft
|
0-0: Ball 1-0: Foul Ball, location: 2F 1-1: Ball 2-1: Fly out, F6 (Line Drive, 6, EV 73.1 MPH)
|
Bottom of the 10th over - 0 runs, 1 hit, 0 errors, 2 left on base; Panama City 5 - Echo Park 5 |
TOP OF THE 11TH |
Panama City Piranhas batting - Pitching for Echo Park Lakers : RHP Corbin Holling
|
Batting: RHB Arnie Taylor
|
0-0: Ball 1-0: Ball 2-0: Foul Ball, location: 2F 2-1: Ball 3-1: Base on Balls
|
Batting: RHB Silvio Bonauiti
|
0-0: Ball 1-0: Called Strike 1-1: Swinging Strike 1-2: Strikes out swinging
|
Batting: RHB António Mendoza
|
0-0: Ball 1-0: Ball 2-0: Called Strike 2-1: Called Strike 2-2: Ball 3-2: Strikes out looking
|
Batting: RHB Chrysler Rodriguez
|
0-0: Fly out, F7 (Flyball, 7, EV 84.4 MPH)
|
Top of the 11th over - 0 runs, 0 hits, 0 errors, 1 left on base; Panama City 5 - Echo Park 5 |
BOTTOM OF THE 11TH |
Echo Park Lakers batting - Pitching for Panama City Piranhas : LHP Joe Khokar
|
Pitching: RHP Orynn Veillon
|
|
Batting: RHB Mario Castillo
|
0-0: Swinging Strike 0-1: Foul Ball, location: 2F 0-2: Strikes out looking
|
Batting: RHB Angeddy Almanzar
|
0-0: Called Strike 0-1: Swinging Strike 0-2: Strikes out swinging
|
Batting: RHB Kyu-cheol Kye
|
0-0: Called Strike 0-1: Fly out, F7 (Flyball, 7, EV 86.2 MPH)
|
Bottom of the 11th over - 0 runs, 0 hits, 0 errors, 0 left on base; Panama City 5 - Echo Park 5 |
TOP OF THE 12TH |
Panama City Piranhas batting - Pitching for Echo Park Lakers : RHP Corbin Holling
|
Batting: RHB Craig Tricket
|
0-0: Called Strike 0-1: Foul Ball, location: 2F 0-2: Ball 1-2: Ball 2-2: Ball 3-2: Strikes out swinging
|
Batting: RHB David Austin
|
0-0: Ball 1-0: Ball 2-0: Swinging Strike 2-1: Ball 3-1: Base on Balls
|
Batting: LHB King Rutledge
|
0-0: Foul Ball, location: 2F 0-1: Ball 1-1: Foul Ball, location: 2F 1-2: Foul Ball, location: 2F 1-2: Ball 2-2: Ball 3-2: Foul Ball, location: 2F 3-2: Base on Balls David Austin to second
|
Pitching: RHP Ken Peterson
|
|
Batting: RHB Quindarious Monday
|
0-0: Ball 1-0: Ball 2-0: Fly out, F7 (Flyball, 7D, EV 105.0 MPH) Runner from 2nd tags up, SAFE at 3rd with throw by LF
|
Batting: RHB Brant Thigpen
|
0-0: Ball 1-0: Ball 2-0: Foul Ball, location: 2F 2-1: Fielders Choice at 2nd, 6-4 (Groundball, 6, EV 86.9 MPH)
|
Top of the 12th over - 0 runs, 0 hits, 0 errors, 2 left on base; Panama City 5 - Echo Park 5 |
BOTTOM OF THE 12TH |
Echo Park Lakers batting - Pitching for Panama City Piranhas : RHP Orynn Veillon
|
Batting: LHB Tomás Muinos
|
0-0: Swinging Strike 0-1: Ball 1-1: Foul Ball, location: 2F 1-2: Ball 2-2: Strikes out swinging, 2-3 out at first.
|
Batting: RHB Komotay Koffie
|
0-0: Foul Ball, location: 2F 0-1: Swinging Strike 0-2: Strikes out swinging
|
Batting: RHB Ryoma Yamamoto
|
0-0: Ball 1-0: Ball 2-0: Fly out, F3 (Popup, 3F, EV 55.6 MPH)
|
Bottom of the 12th over - 0 runs, 0 hits, 0 errors, 0 left on base; Panama City 5 - Echo Park 5 |
TOP OF THE 13TH |
Panama City Piranhas batting - Pitching for Echo Park Lakers : RHP Ken Peterson
|
Batting: RHB Arnie Taylor
|
0-0: Called Strike 0-1: Swinging Strike 0-2: Strikes out looking
|
Batting: RHB Silvio Bonauiti
|
0-0: SINGLE (Groundball, 56, EV 105.6 MPH)
|
Batting: RHB António Mendoza
|
0-0: Ball 1-0: Called Strike 1-1: Grounds into double play, 6-4-3 (Groundball, 6, EV 96.2 MPH)
|
Top of the 13th over - 0 runs, 1 hit, 0 errors, 0 left on base; Panama City 5 - Echo Park 5 |
BOTTOM OF THE 13TH |
Echo Park Lakers batting - Pitching for Panama City Piranhas : RHP Orynn Veillon
|
Batting: LHB Rich Watkins
|
0-0: Ball 1-0: Ball 2-0: Foul Ball, location: 2F 2-1: SINGLE (Line Drive, 4D, EV 97.5 MPH)
|
Batting: RHB Phil Gillespie
|
0-0: Sac Bunt to 15 - play at first, batter OUT! 1-4 Rich Watkins to second
|
Batting: RHB Tom Bancroft
|
0-0: Ball 1-0: Ground out 4-3 (Groundball, 4M, EV 85.6 MPH) Rich Watkins to third
|
Batting: RHB Mario Castillo
|
0-0: Intentional Walk
|
Batting: RHB Angeddy Almanzar
|
0-0: Ball 1-0: Fly out, F9 (Flyball, 9, EV 83.8 MPH)
|
Bottom of the 13th over - 0 runs, 1 hit, 0 errors, 2 left on base; Panama City 5 - Echo Park 5 |
TOP OF THE 14TH |
Panama City Piranhas batting - Pitching for Echo Park Lakers : RHP Ken Peterson
|
Batting: RHB Chrysler Rodriguez
|
0-0: Ball 1-0: Called Strike 1-1: Foul Ball, location: 2F 1-2: Fly out, F8 (Flyball, 8RS, EV 91.9 MPH)
|
Batting: RHB Craig Tricket
|
0-0: Called Strike 0-1: Called Strike 0-2: Strikes out swinging
|
Batting: RHB David Austin
|
0-0: Ball 1-0: Ball 2-0: Swinging Strike 2-1: Foul Ball, location: 2F 2-2: Ground out 5-3 (Groundball, 56, EV 79.4 MPH)
|
Top of the 14th over - 0 runs, 0 hits, 0 errors, 0 left on base; Panama City 5 - Echo Park 5 |
BOTTOM OF THE 14TH |
Echo Park Lakers batting - Pitching for Panama City Piranhas : RHP Orynn Veillon
|
Batting: RHB Kyu-cheol Kye
|
0-0: Ground out 5-3 (Groundball, 5S, EV 73.8 MPH)
|
Batting: LHB Tomás Muinos
|
0-0: Called Strike 0-1: Called Strike 0-2: Foul Ball, location: 2F 0-2: Foul Ball, location: 2F 0-2: Ground out 5-3 (Groundball, 56, EV 79.4 MPH)
|
Batting: RHB Komotay Koffie
|
0-0: Ball 1-0: Ball 2-0: Foul Ball, location: 2F 2-1: Ball 3-1: Swinging Strike 3-2: Foul Ball, location: 2F 3-2: Strikes out looking
|
Bottom of the 14th over - 0 runs, 0 hits, 0 errors, 0 left on base; Panama City 5 - Echo Park 5 |
TOP OF THE 15TH |
Panama City Piranhas batting - Pitching for Echo Park Lakers : RHP Ken Peterson
|
Batting: LHB King Rutledge
|
0-0: Called Strike 0-1: Ball 1-1: Called Strike 1-2: Ball 2-2: Ball 3-2: Base on Balls
|
Batting: RHB Quindarious Monday
|
0-0: Called Strike 0-1: Swinging Strike 0-2: Ball 1-2: Fly out, F4 (Popup, 4, EV 75.0 MPH)
|
Batting: RHB Brant Thigpen
|
0-0: Ground out 4-3 (Groundball, 4S, EV 70.6 MPH) King Rutledge to second
|
Batting: RHB Arnie Taylor
|
0-0: Swinging Strike 0-1: Ball 1-1: Ball 2-1: Foul Ball, location: 2F 2-2: Strikes out looking
|
Top of the 15th over - 0 runs, 0 hits, 0 errors, 1 left on base; Panama City 5 - Echo Park 5 |
BOTTOM OF THE 15TH |
Echo Park Lakers batting - Pitching for Panama City Piranhas : RHP Orynn Veillon
|
Batting: RHB Ryoma Yamamoto
|
0-0: Ball 1-0: Foul Ball, location: 2F 1-1: Ball 2-1: Ground out 1-3 (Groundball, P, EV 85.0 MPH)
|
Batting: LHB Rich Watkins
|
0-0: Called Strike 0-1: Foul Ball, location: 2F 0-2: Foul Ball, location: 2F 0-2: Ball 1-2: Ball 2-2: Strikes out swinging
|
Pitching: RHP Kenny Kawaguchi
|
|
Batting: RHB Phil Gillespie
|
0-0: Called Strike 0-1: Ball 1-1: Ball 2-1: Ball 3-1: Called Strike 3-2: Strikes out looking
|
Bottom of the 15th over - 0 runs, 0 hits, 0 errors, 0 left on base; Panama City 5 - Echo Park 5 |
TOP OF THE 16TH |
Panama City Piranhas batting - Pitching for Echo Park Lakers : RHP Ken Peterson
|
Batting: RHB Silvio Bonauiti
|
0-0: Ball 1-0: Swinging Strike 1-1: Ball 2-1: DOUBLE (Line Drive, 8RD, EV 103.1 MPH)
|
Pitching: LHP Francisco Rivas
|
|
Batting: RHB António Mendoza
|
0-0: Called Strike 0-1: Ball 1-1: Foul Ball, location: 2F 1-2: Strikes out swinging
|
Batting: RHB Chrysler Rodriguez
|
0-0: Intentional Walk
|
Batting: RHB Craig Tricket
|
0-0: Ball 1-0: Called Strike Silvio Bonauiti steals 3rd base Chrysler Rodriguez to second 1-1: Foul Ball, location: 2F 1-2: SINGLE (Groundball, 56D, EV 103.8 MPH) Silvio Bonauiti scores Chrysler Rodriguez to third Runner from 3rd tries for Home, SAFE, no throw by LF
|
Batting: RHB David Austin
|
0-0: Ball 1-0: Ball 2-0: SINGLE (Groundball, 4MD, EV 110.0 MPH) Craig Tricket to second
|
Batting: LHB King Rutledge
|
0-0: Foul Ball, location: 2F 0-1: Ball 1-1: Swinging Strike 1-2: Foul Ball, location: 2F 1-2: Ball Wild Pitch! Craig Tricket to third David Austin to second 2-2: Ball 3-2: Strikes out swinging
|
Batting: RHB Quindarious Monday
|
0-0: Called Strike 0-1: Swinging Strike 0-2: Hit by Pitch
|
Batting: RHB Brant Thigpen
|
0-0: Ball 1-0: Foul Ball, location: 2F 1-1: Foul Ball, location: 2F 1-2: Strikes out swinging
|
Top of the 16th over - 2 runs, 3 hits, 0 errors, 3 left on base; Panama City 7 - Echo Park 5 |
BOTTOM OF THE 16TH |
Echo Park Lakers batting - Pitching for Panama City Piranhas : RHP Kenny Kawaguchi
|
Batting: RHB Tom Bancroft
|
0-0: Ball 1-0: Ball 2-0: SINGLE (Line Drive, 78S, EV 101.9 MPH)
|
Batting: RHB Mario Castillo
|
0-0: Ball 1-0: Ball 2-0: Called Strike 2-1: Ball Wild Pitch! Tom Bancroft to second 3-1: Foul Ball, location: 2F 3-2: Strikes out looking
|
Batting: RHB Angeddy Almanzar
|
0-0: Swinging Strike 0-1: Ball 1-1: Ball 2-1: Ball 3-1: Swinging Strike 3-2: Base on Balls
|
Batting: RHB Kyu-cheol Kye
|
0-0: Ball 1-0: Called Strike 1-1: Fly out, F6 (Popup, 6, EV 69.4 MPH)
|
Batting: LHB Tomás Muinos
|
0-0: Hit by Pitch Tom Bancroft to third Angeddy Almanzar to second
|
Batting: RHB Komotay Koffie
|
0-0: Ball 1-0: Foul Ball, location: 2F 1-1: Swinging Strike 1-2: Foul Ball, location: 2F 1-2: Strikes out swinging
|
Bottom of the 16th over - 0 runs, 1 hit, 0 errors, 3 left on base; Panama City 7 - Echo Park 5 |
|